 Dungeon Crawl Stone Soup version 0.31.0-12-g77e489cdc1 (webtiles) character file.

Game seed: 12147154862393961789

759 jagang the Slasher (level 7, -3/56 HPs)
             Began as a Human Monk on Feb 13, 2024.
             Slain by an orc
             ... wielding a +0 falchion
              (6 damage)
             ... on level 5 of the Dungeon.
             The game lasted 00:07:53 (4207 turns).

jagang the Slasher (Human Monk)                     Turns: 4207, Time: 00:07:54

Health: -3/56      AC:  9    Str: 11    XL:     7   Next: 80%
Magic:  0/9        EV:  7    Int: 10    God:
Gold:   220        SH:  0    Dex: 18    Spells: 6/6 levels left

rFire   . . .        w - +2 rapier (elec)
rCold   . . .        d - orb {light}
rNeg    . . .        l - +0 chain mail
rPois   .            (no helmet)
rElec   .            (no cloak)
rCorr   .            (no gloves)
SInv    .            (no boots)
Will    .....        q - amulet of guardian spirit Stlth
                     (no ring)
HPRegen 0.29/turn    (no ring)
MPRegen 0.11/turn

%: guardian spirit
@: glowing
A: explore regen
a: no special abilities


You were on level 5 of the Dungeon.
You visited 1 branch of the dungeon, and saw 5 of its levels.

You collected 220 gold pieces.

Inventory:

Hand Weapons
 a - a +0 falchion
 u - a +2 dagger of freezing
 w - a +2 rapier of electrocution (weapon)
Armour
 d - an orb of light (worn)
 h - an orb of mayhem
 l - a +0 chain mail (worn)
Jewellery
 q - an amulet of guardian spirit (around neck)
Wands
 t - a wand of flame (30) (quivered)
Scrolls
 b - 2 scrolls of revelation {unknown}
 e - 2 scrolls of fog {unknown}
 j - 3 scrolls of immolation {unknown}
 k - 3 scrolls of poison {unknown}
 m - a scroll of enchant weapon {unknown}
 n - 3 scrolls of silence {unknown}
 o - 2 scrolls of identify {unknown}
 s - a scroll of amnesia {unknown}
 x - a scroll of fear {unknown}
Potions
 c - 2 potions of ambrosia
 f - a potion of brilliance {unknown}
 g - 3 potions of curing {unknown}
 i - a potion of heal wounds {unknown}
 p - a potion of attraction {unknown}
 r - a potion of enlightenment {unknown}
 v - a potion of haste {unknown}


   Skills:
 * Level 5.0 Fighting
 * Level 6.0 Long Blades
 * Level 3.8 Armour
 - Level 3.0 Dodging
 + Level 3.1 Invocations


You had 6 spell levels left.
You didn't know any spells.
Your spell library was empty.

Dungeon Overview and Level Annotations

Branches:
Dungeon (5/15)
 Temple: D:4-7

Altars:
Elyvilon
Fedhas
Kikubaaqudgha
Nemelex Xobeh
Qazlal
Ru
Wu Jian

Shops:
D:2 :   D:4 [

Annotations:
D:3 2 runed translucent doors, rozman's ghost, amateur OpFi
D:4 2 runed translucent doors, DoomGuy's ghost, amateur DgFi


Innate Abilities, Weirdness & Mutations

You regain HP and MP as you explore.


Message History

The iguana is moderately wounded.
The orc barely misses you.
The orc wizard gestures at you while chanting.
You resist with some effort. The iguana bites you!
You barely miss the orc wizard.
The orc wizard is heavily wounded.
The orc hits you but does no damage.
The orc wizard hits you but does no damage.
The iguana bites you.
* * * LOW HITPOINT WARNING * * *
Unknown command.
You hit the orc wizard.
The orc wizard is severely wounded.
The orc hits you with a +0 falchion.
* * * LOW HITPOINT WARNING * * *
The orc wizard hits you but does no damage.
The iguana completely misses you. The orc hits you but does no damage.
You closely miss the orc wizard.
The orc wizard is severely wounded.
The orc wizard gestures at you while chanting.
You resist with some effort. The iguana bites you!
* * * LOW HITPOINT WARNING * * *
The orc hits you with a +0 falchion.
* * * LOW HITPOINT WARNING * * *
You hit the orc wizard.
Lightning courses through the orc wizard!
You kill the orc wizard!
Reactivating autopickup.
The iguana bites you but does no damage.
The orc hits you but does no damage.
Your Long Blades skill increases to level 6!
You hit the iguana.
The iguana is severely wounded.
The iguana closely misses you. The orc hits you with a +0 falchion.
* * * LOW HITPOINT WARNING * * *
Unknown command.
You hit the iguana. Lightning courses through the iguana!
You kill the iguana!
The orc hits you with a +0 falchion!
You die...

#.....#.............#
#.....#........#....#
##.....#........######
#......########.#
#......# ### #......#
#......#
##......#############
#..........@)........
#..........)o........
#....................
#.............)......
#....................
#....................
#............########
#............#
####.....#


You could see an orc.

Vanquished Creatures
  Eustachio (D:5)
  An ogre (D:4)
  A phantom (D:5)
  A jelly (D:5)
  2 orc priests (D:5)
  2 hounds (D:4)
  Jessica (D:3)
  An iguana (D:5)
  An orc wizard (D:5)
  Natasha (thrice) (D:4)
  3 gnolls (D:4)
  8 adders
  2 ribbon worms (D:4)
  A dart slug (D:3)
  5 orcs
  8 ball pythons
  4 endoplasms
  3 giant cockroaches
  6 goblins
  8 hobgoblins
  3 jackals (D:3)
  2 quokkas
  4 bats
  2 frilled lizards
  7 kobolds
  3 rats
83 creatures vanquished.

Notes
Turn   | Place    | Note
-------+----------+-------------------------------------------
     0 | D:1      | jagang the Human Monk began the quest for the Orb.
     0 | D:1      | Reached XP level 1. HP: 18/18 MP: 1/1
     6 | D:1      | Noticed an anaconda
     6 | D:1      | Noticed a boulder beetle
     6 | D:1      | Noticed a swamp worm
     7 | D:1      | Noticed a komodo dragon
     7 | D:1      | Noticed a polar bear
   232 | D:1      | Reached XP level 2. HP: 17/24 MP: 2/2
   721 | D:1      | Reached skill level 1 in Armour
   836 | D:2      | Reached XP level 3. HP: 19/29 MP: 3/3
  1060 | D:2      | Found a white marble altar of Elyvilon.
  1167 | D:2      | Reached skill level 4 in Long Blades
  1207 | D:2      | Found Hueses's Vocational Training.
  1379 | D:2      | Reached XP level 4. HP: 35/35 MP: 4/4
  1439 | D:2      | Found a faded altar of an unknown god.
  1495 | D:3      | Found a runed translucent door.
  1523 | D:3      | Found an ancient bone altar of Kikubaaqudgha.
  1523 | D:3      | Found a blossoming altar of Fedhas.
  1579 | D:3      | Noticed rozman's ghost (amateur OpFi)
  1671 | D:3      | Found a sacrificial altar of Ru.
  1764 | D:3      | Found a sparkling altar of Nemelex Xobeh.
  2176 | D:3      | Noticed Jessica
  2180 | D:3      | Killed Jessica
  2181 | D:3      | Reached skill level 1 in Invocations
  2181 | D:3      | Reached XP level 5. HP: 41/42 MP: 5/5
  2195 | D:3      | Found a runed translucent door.
  2366 | D:4      | Noticed Natasha
  2380 | D:4      | Killed Natasha
  2668 | D:4      | Found a large runed translucent door.
  2668 | D:4      | Found a large runed translucent door.
  2686 | D:4      | Found Poadimol's Armour Emporium.
  2718 | D:4      | Noticed Natasha
  2728 | D:4      | HP: 1/42 [Natasha/puff of flame (4)]
  2730 | D:4      | Killed Natasha
  2731 | D:4      | Reached XP level 6. HP: 2/48 MP: 1/7
  3015 | D:4      | Reached skill level 5 in Long Blades
  3324 | D:4      | Noticed Natasha
  3331 | D:4      | Killed Natasha
  3570 | D:4      | Noticed DoomGuy's ghost (amateur DgFi)
  3653 | D:5      | Entered Level 5 of the Dungeon
  3675 | D:5      | Reached XP level 7. HP: 52/55 MP: 6/8
  3760 | D:5      | Found a stormy altar of Qazlal.
  3814 | D:5      | Noticed Eustachio
  3839 | D:5      | Killed Eustachio
  4074 | D:5      | Found an ornate altar of the Wu Jian Council.
  4186 | D:5      | Reached skill level 5 in Fighting
  4206 | D:5      | Reached skill level 6 in Long Blades
  4206 | D:5      | HP: 2/56 [orc/+0 falchion (3)]
  4207 | D:5      | Slain by an orc

Illustrated notes

Levels and vault maps discovered:
D:1:      onia_arrival_zoo_common, layout_loops_ring, minivault_23,
          minmay_pentomino_r2
D:2:      layout_basic, basic_ecumenical_altar, basic_altar,
          nicolae_shop_vocational
D:3:      layout_rooms, grunt_temple_overflow_growth_and_decay,
          nicolae_ru_awakened_eye, nemelex_spade_bored_becter,
          ebering_ghost_sewer_f, roderic_cross_of_infinity,
          hangedman_decor_clover_reticule, grunt_ministairs_2,
          nrook_mini_backslash, minmay_misc_feat_five, uniq_jessica
D:4:      layout_basic, serial_shops, nicolae_shop_stone,
          ebering_ghost_disaster_area, uniq_natasha
D:5:      layout_gridville, mainiacjoe_overflow_boulevard,
          mainiacjoe_overflow_swirl, uniq_pikel, uniq_grinder, uniq_eustachio

Skill      XL: |  1  2  3  4  5  6  7 |
---------------+----------------------+-----
Armour         | 1 2 3 |  3.8
Long Blades    | 4 5 6 |  6.0
Invocations    | 1 2 3 |  3.1
Fighting       | 4 5 |  5.0
Dodging        | |  3.0

Action                     |  1- 3 |  4- 6 |  7- 9 || total
---------------------------+-------+-------+-------++-------
  Melee: Falchion          |   106 |   155 |    24 ||   285
         Rapier            |       |       |    25 ||    25
  Evoke: Wand              |       |    10 |     6 ||    16
 Armour: Robe              |    12 |       |       ||    12
         Chain mail        |    83 |   170 |    72 ||   325
  Dodge: Dodged            |    30 |    40 |    31 ||   101
